 Dungeon Crawl Stone Soup version 0.17.1-3-g152610e (webtiles) character file.

212 kaze the Ducker (level 5, -1/53 HPs)
             Began as a Troll Berserker on Mar 3, 2016.
             Was a Believer of Trog.
             Slain by an orc
             ... wielding a +0 club
              (3 damage)
             ... on level 3 of the Dungeon.
             The game lasted 00:04:08 (1262 turns).

kaze the Ducker (Troll Berserker)                   Turns: 1262, Time: 00:04:09

Health: -1/53      AC:  7    Str: 26    XL:     5   Next: 58%
Magic:  4/4        EV: 10    Int:  3    God:    Trog [**....]
Gold:   119        SH:  0    Dex:  9    Spells: 0 memorised, 4 levels left

rFire  . . .     SeeInvis .       - Unarmed
rCold  . . .     Clarity  .     a - +0 animal skin
rNeg   . . .     SustAt   .     (no shield)
rPois  .         Gourm    +     (helmet restricted)
rElec  .         Spirit   .     o - +1 cloak
rCorr  .         Warding  .     (gloves unavailable)
rMut   .         Stasis   .     (boots unavailable)
MR     .....                    (no amulet)
Stlth  +.........               (no ring)
                                (no ring)

@: exhausted, slowed, very slow, not resistant to hostile enchantments, very
unstealthy
A: unfitting armour, claws 3, fast metabolism 3, gourmand, regeneration 2,
shaggy fur 1, tough skin 2
a: Berserk, Trog's Hand, Burn Spellbooks, Renounce Religion


You were on level 3 of the Dungeon.
You worshipped Trog.
Trog was pleased with you.
You were not hungry.

You visited 1 branch of the dungeon, and saw 3 of its levels.

You collected 119 gold pieces.

Inventory:

Missiles
 l - 3 large rocks (quivered)
Armour
 a - a +0 animal skin (worn)
 o - a +1 cloak (worn)
Jewellery
 s - an uncursed ring of wizardry {unknown}
Scrolls
 c - 5 scrolls of identify {unknown}
 e - a scroll of teleportation {unknown}
 h - a scroll of fear {unknown}
 j - 2 scrolls of random uselessness {unknown}
 m - a scroll of fog {unknown}
 n - a scroll of blinking {unknown}
 q - a scroll of remove curse {unknown}
 u - a scroll of magic mapping {unknown}
Potions
 d - a potion of lignification {unknown}
 g - a potion of heal wounds {unknown}
 k - 2 potions of curing {unknown}
 r - a potion of might {unknown}
Comestibles
 b - 3 bread rations
 f - 3 meat rations
 i - a beef jerky
 p - a slice of pizza


   Skills:
 + Level 3.1 Fighting
   Level 0.1 Maces & Flails
 + Level 0.6 Throwing
 + Level 4.0 Dodging
 + Level 0.4 Stealth
 + Level 4.0 Unarmed Combat


You had 4 spell levels left.
You didn't know any spells.

Dungeon Overview and Level Annotations

Branches:
Dungeon (3/15)

Altars:


Innate Abilities, Weirdness & Mutations

You are too large for most types of armour.
You have claws for hands.
Your metabolism is lightning-fast.
You like to eat raw meat.
You heal very quickly.
You are covered in fur (AC +1).
You have very tough skin (AC +2).


Message History

The orc is severely wounded.
The orc closely misses you. x2
The hobgoblin barely misses you. x2
You completely miss the orc.
The orc is severely wounded.
The orc barely misses you. x2
The hobgoblin hits you but does no damage. x2
The orc barely misses you. The orc hits you with a club.
* * * LOW HITPOINT WARNING * * *
The hobgoblin barely misses you.
You claw the orc!
You kill the orc!
Trog accepts your kill. The hobgoblin hits you with a club.
* * * LOW HITPOINT WARNING * * *
The hobgoblin hits you but does no damage.
The orc hits you but does no damage.
The hobgoblin hits you but does no damage.
The orc hits you with a club.
You die...

#.# #.# #.# ##.# #.. ..#
#).# ### #.# #.## #.##
#.# ...# #.# # #..# #.#
#####.##).# #.#
.......@gg# #.#
####..##o.# #.#########
#####.###..# #....[.....
......o....####.#########
......g..........#
##########.####.<#
##.####..# #........#
#..#####.#


You could see an orc and 2 hobgoblins.

Vanquished Creatures
  The ghost of kaze the Ruffian, an amateur TrBe of Trog (D:3)
  A scorpion (D:3)
  An orc wizard (D:3)
  2 adders (D:2)
  2 orcs (D:3)
  2 hobgoblins
  2 jackals (D:2)
  A quokka (D:3)
  9 bats
  A giant cockroach (D:2)
  A giant gecko (D:3)
  A giant newt (D:2)
  2 goblins
  2 kobolds (D:1)
  3 rats
31 creatures vanquished.

Notes
Turn   | Place    | Note
--------------------------------------------------------------
     0 | D:1      | kaze the Troll Berserker began the quest for the Orb.
     0 | D:1      | Reached XP level 1. HP: 22/22 MP: 0/0
   282 | D:1      | Reached XP level 2. HP: 29/29 MP: 1/1
   472 | D:2      | Reached XP level 3. HP: 32/36 MP: 2/2
   489 | D:2      | Reached ** piety under Trog
   981 | D:3      | Noticed kaze's ghost (amateur TrBe)
   991 | D:3      | Killed kaze's ghost
   991 | D:3      | Reached XP level 4. HP: 20/44 MP: 3/3
  1073 | D:3      | Found a faded altar to an unknown god.
  1104 | D:3      | Noticed a scorpion
  1114 | D:3      | Killed a scorpion
  1114 | D:3      | Reached XP level 5. HP: 21/53 MP: 4/4
  1256 | D:3      | Reached skill level 4 in Dodging
  1261 | D:3      | HP: 1/53 [hobgoblin/club (3)]
  1262 | D:3      | Slain by an orc

Action                   |  1- 3 |  4- 6 || total
-------------------------+-------+-------++-------
Melee: Unarmed           |    56 |    19 ||    75
       Giant spiked club |     7 |     7 ||    14
       Rapier            |     5 |       ||     5
Throw: Large rock        |     3 |       ||     3
Invok: Berserk           |     1 |     2 ||     3
       Trog's Hand       |       |     1 ||     1
 Stab: Sleeping          |     1 |       ||     1
  Eat: Chunk             |    14 |     1 ||    15
